 Dungeon Crawl Stone Soup version 0.30-a0-845-g7c6808c8ce (webtiles) character file.

Game seed: 13549521513587441935

8936 porpoise the Covert (level 11, -12/83 HPs)
             Began as a Gnoll Enchanter on Mar 3, 2023.
             Was a Believer of Dithmenos.
             Mangled by a skeletal warrior
             ... wielding a +3 great sword of flaming
              (19 damage)
             ... in a volcano.
             The game lasted 00:48:05 (12357 turns).

porpoise the Covert (Gnoll Enchanter)              Turns: 12357, Time: 00:48:05

Health: -12/83     AC: 16    Str:  7    XL:     11   Next: 38%
Magic:  16/23      EV: 15    Int: 18    God:    Dithmenos [**....]
Gold:   400        SH:  0    Dex: 14    Spells: 8/26 levels left

rFire   + + .      SeeInvis .    R - +4 rapier (speed)
rCold   x . .      Faith    .    (no shield)
rNeg    + . .      Spirit   .    C - +1 robe {rF+}
rPois   .          Reflect  .    f - +2 helmet
rElec   +          Rampage  .    w - +0 cloak
rCorr   .                        m - +0 pair of gloves
Will    .....                    h - +2 pair of boots of Parsimonious Mirth {rElec rN+}
Stlth   +++++                    (no amulet)
HPRegen 0.33/turn                Q - +4 ring of protection
MPRegen 0.18/turn                q - ring of fire

@: confusing by touch, wreathed by umbra
A: fangs 1, strong nose, distributed training
a: Renounce Religion, Shadow Step


You were in a volcano.
You worshipped Dithmenos.
Dithmenos was pleased with you.
You visited 3 branches of the dungeon, and saw 10 of its levels.
You also visited: Volcano.

You collected 782 gold pieces.
You spent 382 gold pieces at shops.

Inventory:

Hand Weapons
 a - a +3 dagger of venom
 b - a +1 long sword of draining
 R - a +4 rapier of speed (weapon)
Missiles
 r - 13 boomerangs (quivered)
 t - 11 javelins
Armour
 f - a +2 helmet (worn)
 h - the +2 pair of boots of Parsimonious Mirth (worn) {rElec rN+}
   (You bought it in a shop on level 5 of the Dungeon)

   rElec:     It insulates you from electricity.
   rN:        It protects you from negative energy.
 m - a +0 pair of gloves (worn)
 w - a +0 cloak (worn)
 C - a +1 robe of fire resistance (worn)
Magical Staves
 D - a staff of conjuration
Jewellery
 p - a ring of protection from cold
 q - a ring of fire (right hand)
 Q - a +4 ring of protection (left hand)
Wands
 n - a wand of roots (13)
 s - a wand of flame (15)
 S - a wand of light (5)
 Y - a wand of mindburst (21)
Scrolls
 g - 2 scrolls of vulnerability
 o - 7 scrolls of teleportation
 v - a scroll of torment {unknown}
 y - 2 scrolls of poison
 z - a scroll of immolation
 E - 3 scrolls of fog
 M - a scroll of noise {unknown}
 N - a scroll of silence {unknown}
 O - a scroll of brand weapon {unknown}
 T - a scroll of magic mapping
 V - a scroll of fear {unknown}
 W - a scroll of butterflies {unknown}
 Z - a scroll of amnesia {unknown}
Potions
 c - 2 potions of invisibility
 j - 5 potions of curing
 x - a potion of ambrosia {unknown}
 A - a potion of attraction {unknown}
 B - 2 potions of brilliance {unknown}
 I - a potion of magic {unknown}
 U - a potion of flight {unknown}


   Skills:
 + Level 6.5 Fighting
 + Level 7.0 Short Blades
 + Level 6.5 Long Blades
 + Level 6.5 Axes
 + Level 6.5 Maces & Flails
 + Level 6.5 Polearms
 + Level 6.5 Staves
 + Level 6.5 Ranged Weapons
 + Level 6.5 Throwing
 + Level 6.5 Armour
 + Level 8.0 Dodging
 + Level 8.9 Stealth
 + Level 6.5 Shields
 + Level 6.5 Unarmed Combat
 + Level 8.3 Spellcasting
 + Level 5.3 Conjurations
 + Level 7.7 Hexes
 + Level 5.3 Summonings
 + Level 5.3 Necromancy
 + Level 5.3 Translocations
 + Level 5.3 Transmutations
 + Level 5.3 Fire Magic
 + Level 5.3 Ice Magic
 + Level 5.3 Air Magic
 + Level 5.3 Earth Magic
 + Level 5.3 Poison Magic
 + Level 7.1 Invocations
 + Level 6.5 Evocations


You had 8 spell levels left.
You knew the following spells:

 Your Spells              Type           Power      Damage    Failure   Level
a - Confusing Touch       Hex            35%        N/A       1%          3
c - Call Canine Familiar  Summ           26%        N/A       3%          3
d - Dazzling Flash        Conj/Hex       62%        N/A       1%          3
e - Ensorcelled Hibernat  Hex/Ice        62%        N/A       1%          2
f - Cause Fear            Hex            17%        N/A       3%          4
t - Tukima's Dance        Hex            35%        N/A       1%          3

Your spell library contained the following spells:

 Spells                   Type           Power      Damage    Failure   Level
 Summon Small Mammal      Summ           100%       N/A       1%          1
 Inner Flame              Hex/Fire       46%        N/A       1%          3
 Summon Guardian Golem    Hex/Summ       31%        N/A       1%          3
 Ozocubu's Armour         Ice            26%        N/A       3%          3
 Metabolic Englaciation   Hex/Ice        15%        N/A       19%         5
 Simulacrum               Ice/Necr       13%        N/A       85%         6
 Discord                  Hex            17%        N/A       100%        8


Dungeon Overview and Level Annotations

Branches:
Dungeon (8/15)             Temple (1/1) D:6            Lair (1/5) D:8
Volcano (1/1)

Altars:
Ashenzari
Cheibriados
Dithmenos
Elyvilon
Fedhas
Gozag
Hepliaklqana
Kikubaaqudgha
Makhleb
Nemelex Xobeh
Okawaru
Qazlal
Ru
Trog
Uskayaw
Vehumet
Wu Jian
Xom
Yredelemnul
Zin

Shops:
D:5 [

Annotations:
Lair:1 exclusion: 2 oklob plants


Innate Abilities, Weirdness & Mutations

You have very sharp teeth.
Your uncanny sense of smell can sniff out nearby items.
Your experience applies equally to all skills.


Message History

The alligator skeleton misses you.
The alligator skeleton bites itself!
The alligator skeleton tail-slaps itself.
You catch the helpless alligator skeleton completely off-guard!
You impale the alligator skeleton!!
You destroy the alligator skeleton!
Dithmenos accepts your kill.
Casting: Confusing Touch (safe; 1% risk of failure)
Confirm with . or Enter, or press ? or * to list all spells.
Your hands begin to glow red.
You hit the skeletal warrior but do no damage.
Your bite misses the skeletal warrior.
Casting: Confusing Touch (safe; 1% risk of failure)
Confirm with . or Enter, or press ? or * to list all spells.
Your hands begin to glow brighter.
The skeletal warrior hits you with a +3 great sword of flaming!
The skeletal warrior burns you.
You hit the skeletal warrior but do no damage.
You hit the skeletal warrior but do no damage.
The skeletal warrior misses you.
You hit the skeletal warrior but do no damage.
You hit the skeletal warrior but do no damage.
The skeletal warrior hits you with a +3 great sword of flaming!
You hit the skeletal warrior but do no damage.
You hit the skeletal warrior but do no damage.
The skeletal warrior hits you with a +3 great sword of flaming!!
* * * LOW HITPOINT WARNING * * *
The skeletal warrior burns you.
* * * LOW HITPOINT WARNING * * *
You closely miss the skeletal warrior.
You hit the skeletal warrior but do no damage.
The skeletal warrior hits you with a +3 great sword of flaming!
* * * LOW HITPOINT WARNING * * *
The skeletal warrior burns you.
* * * LOW HITPOINT WARNING * * *
You hit the skeletal warrior but do no damage.
You hit the skeletal warrior but do no damage.
You bite the skeletal warrior.
The skeletal warrior is lightly damaged.
The skeletal warrior hits you with a +3 great sword of flaming!!
You die...

..# .. #.# .#
#.##.# ∆∆∆
#.##.##∆∆∆ ###+#
......#### ∆#...#
.......... ∆#...#
)#..#.#### ∆ .Z.
......# ######z##
.#..#.#####...#.@.#
..............'...#
......#####...#...#
#.∩.### #########
#...# #####


You could see a skeletal warrior and an alligator skeleton.

Vanquished Creatures
  2 two-headed ogres (D:7)
  2 gargoyles (Volcano)
  A komodo dragon (D:8)
  Grinder (D:3)
  3 flying skulls (Volcano)
  Sigmund (D:4)
  2 wyverns (D:8)
  3 alligator skeletons (Volcano)
  3 yaks (Lair:1)
  2 wraiths (D:7)
  Eustachio (D:4)
  A basilisk (D:8)
  A steam dragon (D:8)
  Menkaure (D:4)
  An acid dragon (D:8)
  A water moccasin (D:6)
  Duvessa (D:4)
  A sky beast (D:7)
  2 orc warriors
  2 ice beasts (D:6)
  2 black bears
  3 ogres
  A phantom (D:7)
  A kobold brigand (D:8)
  A bullfrog (Lair:1)
  2 gnoll sergeants
  A scorpion (D:5)
  3 wights (D:8)
  Dowan (D:4)
  2 troll skeletons (Volcano)
  8 killer bees (D:8)
  2 spriggan skeletons (Volcano)
  2 howler monkeys (D:7)
  4 crimson imps (D:6)
  9 orc priests
  Crazy Yiuf (D:2)
  8 hounds
  A jelly (D:5)
  2 sleepcaps
  Jessica (D:3)
  Ijyb (D:3)
  Natasha (thrice) (D:2)
  3 iguanas
  10 orc wizards
  Robin (D:2)
  4 adders
  12 gnolls
  An ufetubus (D:7)
  2 worms
  3 dart slugs
  33 orcs
  11 endoplasms
  4 giant cockroaches
  10 goblins
  16 hobgoblins
  8 jackals
  3 quokkas
  2 ball pythons
  4 bats
  2 frilled lizards (D:1)
  12 kobolds
  11 rats
243 creatures vanquished.

Vanquished Creatures (others)
  A gargoyle (Volcano)
  12 plants (D:4)
13 creatures vanquished.

Grand Total: 256 creatures vanquished

Notes
Turn   | Place    | Note
-------+----------+-------------------------------------------
     0 | D:1      | porpoise the Gnoll Enchanter began the quest for the Orb.
     0 | D:1      | Reached XP level 1. HP: 13/13 MP: 6/6
   268 | D:1      | Reached XP level 2. HP: 19/19 MP: 7/7
   274 | D:1      | Learned a level 2 spell: Ensorcelled Hibernation
   808 | D:1      | Reached skill level 5 in Spellcasting
   808 | D:1      | Reached XP level 3. HP: 25/25 MP: 7/9
   866 | D:1      | Learned a level 3 spell: Confusing Touch
   870 | D:1      | Learned a level 3 spell: Tukima's Dance
   928 | D:2      | Reached skill level 1 in Invocations
  1012 | D:2      | Noticed Natasha
  1018 | D:2      | Killed Natasha
  1019 | D:2      | Reached skill level 1 in Fighting
  1019 | D:2      | Reached skill level 1 in Long Blades
  1019 | D:2      | Reached skill level 1 in Axes
  1019 | D:2      | Reached skill level 1 in Maces & Flails
  1019 | D:2      | Reached skill level 1 in Polearms
  1019 | D:2      | Reached skill level 1 in Staves
  1019 | D:2      | Reached skill level 1 in Ranged Weapons
  1019 | D:2      | Reached skill level 1 in Throwing
  1019 | D:2      | Reached skill level 1 in Armour
  1019 | D:2      | Reached skill level 1 in Shields
  1019 | D:2      | Reached skill level 1 in Unarmed Combat
  1019 | D:2      | Reached skill level 1 in Evocations
  1019 | D:2      | Reached XP level 4. HP: 27/32 MP: 8/11
  1095 | D:2      | Noticed Natasha
  1109 | D:2      | Killed Natasha
  1110 | D:2      | Reached skill level 1 in Conjurations
  1110 | D:2      | Reached skill level 1 in Summonings
  1110 | D:2      | Reached skill level 1 in Necromancy
  1110 | D:2      | Reached skill level 1 in Translocations
  1110 | D:2      | Reached skill level 1 in Transmutations
  1110 | D:2      | Reached skill level 1 in Fire Magic
  1110 | D:2      | Reached skill level 1 in Ice Magic
  1110 | D:2      | Reached skill level 1 in Air Magic
  1110 | D:2      | Reached skill level 1 in Earth Magic
  1110 | D:2      | Reached skill level 1 in Poison Magic
  1213 | D:2      | Noticed Natasha
  1218 | D:2      | Killed Natasha
  1219 | D:2      | Reached XP level 5. HP: 37/37 MP: 7/12
  1744 | D:2      | Noticed Robin
  1749 | D:2      | Killed Robin
  2018 | D:2      | Found a runed translucent door.
  2019 | D:2      | Noticed Crazy Yiuf
  2028 | D:2      | Killed Crazy Yiuf
  2029 | D:2      | Reached XP level 6. HP: 32/44 MP: 9/13
  2190 | D:2      | Reached skill level 5 in Dodging
  2815 | D:3      | Noticed Grinder
  2819 | D:3      | Paralysed by Grinder for 4 turns
  2840 | D:3      | Paralysed by Grinder for 5 turns
  2846 | D:3      | HP: 3/66 [Grinder/nerve-wracking pain (10)]
  2848 | D:3      | HP: 1/66 [Grinder (3)]
  2849 | D:3      | Killed Grinder
  2850 | D:3      | Reached XP level 7. HP: 1/51 MP: 15/15
  3069 | D:3      | Noticed Jessica
  3107 | D:3      | Killed Jessica
  3326 | D:3      | Noticed Ijyb
  3331 | D:3      | Killed Ijyb
  3525 | D:3      | Found a faded altar of an unknown god.
  3529 | D:3      | Found a stormy altar of Qazlal.
  3603 | D:4      | Noticed Duvessa
  3607 | D:4      | Noticed Dowan
  3611 | D:4      | Killed Dowan
  3620 | D:4      | Killed Duvessa
  3893 | D:4      | Reached XP level 8. HP: 55/58 MP: 5/16
  3976 | D:4      | Learned a level 3 spell: Dazzling Flash
  3990 | D:4      | Noticed Sigmund
  3992 | D:4      | Killed Sigmund
  4359 | D:4      | Noticed Menkaure
  4380 | D:4      | Killed Menkaure
  4886 | D:4      | Noticed Eustachio
  4889 | D:4      | Identified the +1 ring mail of Tajiz {rN+ Str+4}
  4908 | D:4      | Killed Eustachio
  5089 | D:5      | Entered Level 5 of the Dungeon
  5094 | D:5      | Found Capsics's Antique Armour Shoppe.
  5102 | D:5      | Bought a glowing robe for 107 gold pieces
  5178 | D:5      | Identified the +4 ring mail of Ymogiat {rF+}
  5201 | D:5      | Found a blossoming altar of Fedhas.
  5387 | D:5      | Reached XP level 9. HP: 43/65 MP: 10/18
  5601 | D:5      | Found an iron altar of Okawaru.
  5858 | D:5      | Identified the +0 spear of Fee Simple {freeze, rC++ Will+
                  | Dex+2}
  6064 | D:6      | Reached skill level 5 in Short Blades
  6630 | D:6      | Found a staircase to the Ecumenical Temple.
  6752 | D:6      | Found a sparkling altar of Nemelex Xobeh.
  6877 | D:6      | Reached skill level 5 in Invocations
  6995 | D:6      | Found a shimmering altar of Xom.
  7381 | Temple   | Entered the Ecumenical Temple
  7560 | Temple   | Became a worshipper of Dithmenos the Shadowed
  7600 | D:7      | You fall into a shaft and drop 1 floor!
  7710 | D:7      | Found a broken altar of Ashenzari.
  7742 | D:7      | Found a basalt altar of Yredelemnul.
  7939 | D:7      | Noticed a two-headed ogre
  7939 | D:7      | Noticed a two-headed ogre
  7949 | D:7      | Killed a two-headed ogre
  7950 | D:7      | Reached skill level 5 in Fighting
  7950 | D:7      | Reached skill level 5 in Long Blades
  7950 | D:7      | Reached skill level 5 in Axes
  7950 | D:7      | Reached skill level 5 in Maces & Flails
  7950 | D:7      | Reached skill level 5 in Polearms
  7950 | D:7      | Reached skill level 5 in Staves
  7950 | D:7      | Reached skill level 5 in Ranged Weapons
  7950 | D:7      | Reached skill level 5 in Throwing
  7950 | D:7      | Reached skill level 5 in Armour
  7950 | D:7      | Reached skill level 5 in Shields
  7950 | D:7      | Reached skill level 5 in Unarmed Combat
  7950 | D:7      | Reached skill level 5 in Evocations
  7950 | D:7      | Reached XP level 10. HP: 52/74 MP: 17/20
  8024 | D:7      | Killed a two-headed ogre
  8289 | D:7      | Reached * piety under Dithmenos
  8375 | D:7      | Learned a level 3 spell: Call Canine Familiar
  8380 | D:7      | Learned a level 4 spell: Cause Fear
 10495 | D:8      | Found a staircase to the Lair.
 10958 | D:8      | Found a burning altar of Makhleb.
 10996 | D:8      | Reached skill level 5 in Conjurations
 10996 | D:8      | Reached skill level 5 in Summonings
 10996 | D:8      | Reached skill level 5 in Necromancy
 10996 | D:8      | Reached skill level 5 in Translocations
 10996 | D:8      | Reached skill level 5 in Transmutations
 10996 | D:8      | Reached skill level 5 in Fire Magic
 10996 | D:8      | Reached skill level 5 in Ice Magic
 10996 | D:8      | Reached skill level 5 in Air Magic
 10996 | D:8      | Reached skill level 5 in Earth Magic
 10996 | D:8      | Reached skill level 5 in Poison Magic
 11059 | D:8      | Reached XP level 11. HP: 81/81 MP: 17/22
 11329 | D:5      | Bought a pair of ancient boots for 275 gold pieces
 11329 | D:5      | Identified the +2 pair of boots of Parsimonious Mirth
                  | {rElec rN+} (You bought it in a shop on level 5 of the
                  | Dungeon)
 11461 | D:8      | Found a hazy altar of Hepliaklqana.
 11712 | Lair:1   | Entered Level 1 of the Lair of Beasts
 11732 | Lair:1   | Noticed an oklob plant
 11746 | Lair:1   | Noticed an oklob plant
 11832 | Lair:1   | Found a dark tunnel.
 11837 | Volcano  | Entered a volcano
 11955 | Volcano  | Reached ** piety under Dithmenos
 12337 | Volcano  | Noticed a skeletal warrior
 12357 | Volcano  | Mangled by a skeletal warrior

Illustrated notes

Levels and vault maps discovered:
D:1:      scummos_arrival_simple_crosswalls, layout_basic, columned_hall_lemuel
D:2:      layout_loops_corners, uniq_natasha, uniq_crazy_yiuf_cottage,
          uniq_robin
D:3:      layout_basic, nicolae_overflow_ecumenical_swirl, uniq_grinder,
          uniq_jessica, uniq_ijyb
D:4:      layout_cave_pods, serial_bayou, serial_bayou_pond_d,
          serial_bayou_lagoon_b, serial_bayou_ford_a, serial_bayou_shore_b,
          serial_bayou_pond_e, uniq_eustachio, uniq_duvessa, uniq_sigmund,
          uniq_menkaure
D:5:      layout_loops_corners, kennysheep_okawaru_gauntlet,
          mainiacjoe_overflow_boulevard, serial_shops, shop
D:6:      layout_basic, nemelex_dance_club_becter, led_xom_imps,
          minmay_temple_entry_statues, corexii_corridor_pit
D:7:      layout_loops_ring, old_standard_altar, amcnicky_altar_gilded,
          kb_rosetta
D:8:      layout_basic, worldfamousw_hep_ancestral_shrine, bloody_makhleb,
          erik_lair_dragon, kennysheep_dice
Temple:   bh_familiar_temple
Lair:1:   layout_gridlike, enter_volcano_4, disabler_island, uniq_fannar
Volcano:  volcano_tomb [vts_chambers]

Skill      XL: |  1  2  3  4  5  6  7  8  9 10 11 |
---------------+----------------------------------+-----
Spellcasting   | 5 6 7 8 |  8.3
Stealth        | 6 7 8 |  8.9
Invocations    | 1 2 3 4 5 6 7 |  7.1
Fighting       | 1 2 3 5 6 |  6.5
Long Blades    | 1 2 3 5 6 |  6.5
Axes           | 1 2 3 5 6 |  6.5
Maces & Flails | 1 2 3 5 6 |  6.5
Polearms       | 1 2 3 5 6 |  6.5
Staves         | 1 2 3 5 6 |  6.5
Ranged Weapons | 1 2 3 5 6 |  6.5
Throwing       | 1 2 3 5 6 |  6.5
Armour         | 1 2 3 5 6 |  6.5
Shields        | 1 2 3 5 6 |  6.5
Unarmed Combat | 1 2 3 5 6 |  6.5
Evocations     | 1 2 3 5 6 |  6.5
Conjurations   | 1 2 3 4 5 |  5.3
Summonings     | 1 2 3 4 5 |  5.3
Necromancy     | 1 2 3 4 5 |  5.3
Translocations | 1 2 3 4 5 |  5.3
Transmutations | 1 2 3 4 5 |  5.3
Fire Magic     | 1 2 3 4 5 |  5.3
Ice Magic      | 1 2 3 4 5 |  5.3
Air Magic      | 1 2 3 4 5 |  5.3
Earth Magic    | 1 2 3 4 5 |  5.3
Poison Magic   | 1 2 3 4 5 |  5.3
Short Blades   | 3 4 5 6 7 |  7.0
Dodging        | 5 6 7 8 |  8.0
Hexes          | 6 7 |  7.7

Action                     |  1- 3 |  4- 6 |  7- 9 | 10-12 || total
---------------------------+-------+-------+-------+-------++-------
  Melee: Dagger            |    47 |    71 |   293 |   231 ||   642
         Bite              |     3 |     5 |    43 |    46 ||    97
         Long sword        |       |    47 |     7 |     8 ||    62
         Punch             |       |       |    10 |    28 ||    38
         Rapier            |       |       |    29 |   124 ||   153
  Throw: Dart              |       |       |     1 |       ||     1
   Cast: Ensorcelled Hiber |    11 |    23 |    42 |    25 ||   101
         Confusing Touch   |       |     2 |     9 |    20 ||    31
         Dazzling Flash    |       |       |     7 |       ||     7
         Call Canine Famil |       |       |       |     3 ||     3
  Evoke: Wand              |       |       |     7 |     1 ||     8
    Use: Scroll            |       |     4 |     4 |     7 ||    15
         Potion            |       |     1 |     1 |     2 ||     4
   Stab: Sleeping          |    19 |    21 |    47 |    14 ||   101
         Confused          |       |     1 |    11 |    17 ||    29
         Distracted        |       |     1 |       |     1 ||     2
         Invisible         |       |       |     4 |    13 ||    17
 Armour: Robe              |    10 |     7 |    99 |    81 ||   197
         Animal skin       |       |    24 |     1 |       ||    25
  Dodge: Dodged            |    22 |    61 |   171 |   201 ||   455

Table legend: (Time is in decaauts)
 A = Elapsed time spent in this place.
 B = Non-inter-level travel time spent in this place.
 C = Inter-level travel time spent in this place.
 D = Time resting spent in this place.
 E = Time spent auto-exploring this place.
 F = Levels seen in this place.
 G = Mean time per level.
                   A        B        C        D        E       F      G
               +--------+--------+--------+--------+--------+-----+--------+
         Total |  12177 |  11658 |    519 |   3961 |   5077 |  11 | 1107.0 |
       Dungeon |  11394 |  10902 |    492 |   3732 |   4919 |   8 | 1424.2 |
        Temple |    189 |    163 |     26 |      0 |    158 |   1 |  189.0 |
          Lair |    120 |    120 |      0 |      0 |      0 |   1 |  120.0 |
       Volcano |    472 |    472 |      0 |    229 |      0 |   1 |  472.0 |
               +--------+--------+--------+--------+--------+-----+--------+

Top non-repeatable levels by time:
     D:8: 2530 daAuts
     D:2: 1698 daAuts
     D:4: 1545 daAuts
     D:7: 1454 daAuts
     D:6: 1322 daAuts
     D:5: 980 daAuts
     D:3: 965 daAuts
     D:1: 896 daAuts
 Volcano: 472 daAuts
  Temple: 189 daAuts
  Lair:1: 120 daAuts
